 Dungeon Crawl Stone Soup version 0.27-a0-277-g024f7ef292 (webtiles) character file.

Game seed: 17161044007516884022

13240 puppykicker the Frost Mage (level 12, 0/83 HPs)
             Began as a Barachi Ice Elementalist on Feb 5, 2021.
             Was an Elder of Wu Jian.
             Slain by a red ugly thing (20 damage)
             ... on level 9 of the Dungeon on Feb 6, 2021.
             The game lasted 00:55:43 (12628 turns).

puppykicker the Frost Mage (BaIE)                  Turns: 12628, Time: 00:55:44

Health: 0/83       AC: 13    Str: 13    XL:     12   Next: 3%
Magic:  25/25      EV: 14    Int: 17    God:    Wu Jian [****..]
Gold:   81         SH:  5    Dex: 19    Spells: 3/17 levels left

rFire    . . .     SeeInvis .   a - +4 lajatang (elec)
rCold    . . .     Faith    .   (shield currently unavailable)
rNeg     . . .     Spirit   .   n - +2 steam dragon scales
rPois    .         Reflect  +   I - +0 helmet
rElec    .         Harm     .   d - +0 cloak
rCorr    .         Rampage  .   e - +0 pair of gloves
Will     .....                  C - +1 pair of boots
Stlth    ++........             M - amulet of reflection
HPRegen  0.23/turn              k - ring of magical power {MP+9}
MPRegen  0.19/turn              m - +6 ring of dexterity

@: can't hop, slow
A: +LOS, swims, slowness 1, strong legs 1
a: Hop, Renounce Religion, Wall Jump, Serpent's Lash


You were on level 9 of the Dungeon.
You worshipped Wu Jian.
Wu Jian was greatly pleased with you.
You visited 2 branches of the dungeon, and saw 11 of its levels.
You also visited: Bailey.

You collected 749 gold pieces.
You spent 668 gold pieces at shops.

Inventory:

Hand Weapons
 a - a +4 lajatang of electrocution (weapon)
 b - a +1 shortbow of freezing
 w - a +2 trident of venom
Missiles
 g - 7 silver javelins
 j - 30 javelins (quivered)
 q - 2 datura-tipped darts
 y - 3 throwing nets
 K - 4 curare-tipped darts
 Q - 123 arrows
Armour
 d - a +0 cloak (worn)
 e - a +0 pair of gloves (worn)
 n - +2 steam dragon scales (worn)
 C - a +1 pair of boots (worn)
 I - a +0 helmet (worn)
Jewellery
 k - a ring of magical power (left hand) {MP+9}
 l - an uncursed ring of fire {rF+, rC-}
 m - a +6 ring of dexterity (right hand)
 M - an amulet of reflection (around neck)
Wands
 s - a wand of polymorph (14)
 D - a wand of digging (5)
Scrolls
 c - a scroll of immolation {!r}
 h - 2 scrolls of remove curse
 i - 5 scrolls of identify
 t - 13 scrolls of teleportation
 u - 3 scrolls of amnesia
 B - a scroll of blinking {!r}
Potions
 f - 2 potions of flight
 o - a potion of might
 p - a potion of cancellation
 r - a potion of lignification {!q}
 v - a potion of invisibility
 x - 2 potions of berserk rage {!q}
 z - a potion of haste
 A - 6 potions of curing
 G - 2 potions of attraction {!q}
 H - 2 potions of brilliance
 J - 2 potions of heal wounds


   Skills:
 + Level 4.1 Fighting
 - Level 14.0 Staves
 + Level 4.1 Armour
 + Level 3.0 Dodging
 - Level 1.7 Stealth
 + Level 3.0 Spellcasting
 - Level 3.0 Conjurations
 - Level 3.0 Summonings
 + Level 0.1 Transmutations
 - Level 14.0 Ice Magic


You had 3 spell levels left.
You knew the following spells:

 Your Spells              Type           Power        Failure   Level
a - Freeze                Ice            100%         1%          1
b - Frozen Ramparts       Ice            100%         1%          3
c - Hailstorm             Conj/Ice       31%          5%          4
d - Summon Ice Beast      Ice/Summ       31%          5%          4
e - Wereblood             Tmut           2%           26%         2

Your spell library contained the following spells:

 Spells                   Type           Power        Failure   Level
 Ozocubu's Armour         Ice            50%          1%          3
 Beastly Appendage        Tmut           4%           17%         1
 Sandblast                Erth           4%           17%         1
 Passwall                 Tmut/Erth      1%           26%         2
 Stone Arrow              Conj/Erth      14%          28%         3
 Confusing Touch          Hex            2%           45%         3
 Gell's Gravitas          Tloc           1%           45%         3
 Ignite Poison            Fire/Tmut/Pois 2%           45%         3
 Spider Form              Tmut/Pois      1%           45%         3
 Ice Form                 Ice/Tmut       26%          10%         4
 Metabolic Englaciation   Hex/Ice        13%          26%         5
 Petrify                  Tmut/Erth      2%           86%         4
 Blade Hands              Tmut           1%           99%         5
 Lee's Rapid Deconstruct  Erth           1%           99%         5
 Yara's Violent Unravell  Hex/Tmut       1%           99%         5


Dungeon Overview and Level Annotations

Branches:
Dungeon (10/15)            Temple (1/1) D:5             Orc (0/2) D:10
 Bailey (visited)
   Lair: D:8-11

Altars:
Ashenzari
Cheibriados
Dithmenos
Elyvilon
Fedhas
Gozag
Hepliaklqana
Kikubaaqudgha
Makhleb
Nemelex Xobeh
Okawaru
Qazlal
Ru
Sif Muna
Trog
Uskayaw
Vehumet
Wu Jian
Xom
Yredelemnul
Zin
The Shining One

Shops:
D:5 (   D:7 =   D:9 ?!


Innate Abilities, Weirdness & Mutations

You can be seen from farther away. (+LOS)
You can swim through water.
You cover ground slowly.
You can hop short distances.


Message History

Unknown command.
Aiming: Wall Jump
Press: ? - help, Dir - move target You repeatedly attack the red ugly thing from above.
You barely miss the red ugly thing.
You hit the red ugly thing but do no damage.
Lightning courses through the red ugly thing!
You slash the red ugly thing! You closely miss the red ugly thing.
You repeatedly attack the scorpion from above.
You closely miss the scorpion. You barely miss the scorpion.
You slash the scorpion! You closely miss the scorpion.
You block the red ugly thing's attack. The scorpion stings you.
* * * LOW HITPOINT WARNING * * *
The red ugly thing closely misses you. The scorpion barely misses you.
You take 1 damage, and have 31/83 hp.
Unknown command.
You hit the scorpion. The red ugly thing tail-slaps you!
* * * LOW HITPOINT WARNING * * *
You are engulfed in flames!!
You die...

........#...#....#.....(........#
....##############..............#
....## #............####'######
.....# #............#.....#
.....# #............#.....#
##########............###########
............#'#########..###.)...
............#...°............#...
............'...@....<.......#...
............#...us...........#...
............#'##>.####..######...
#############.###+####..#......##
.....#....#...#.........#......#.
.....#....#...#.........#......#.
....##....##..###########......#.
....##....##..#................#.
..........##..#................#.


You could see a red ugly thing and a scorpion.

Levels and vault maps discovered:
D:1:      mushboom_english_gardens, layout_loops_ring, minmay_tromino_mix6
D:2:      layout_basic, elyvilon_altar_3, uniq_sigmund
D:3:      layout_rooms, overflow_temple_1_default, gammafunk_ghost_cemetery,
          grunt_gozag_statues, uniq_terence
D:4:      layout_rooms, lemuel_statue_altar, uniq_ijyb
D:5:      kennysheep_big_flooded_room, layout_basic,
          minmay_temple_entry_from_below_b, serial_shops, kennysheep_mini_moat
D:6:      layout_layer_cave, cheibriados_altar_1
D:7:      layout_loops_ring, serial_shops, nicolae_shop_trees, uniq_joseph
D:8:      layout_cave_pods, enter_bailey_2, uniq_harold
D:9:      layout_gridville, nicolae_overflow_quartered_altars, serial_shops,
          shop_statue, shop_statue, nicolae_shop_behind_doors, uniq_maggie,
          uniq_erica
D:10:     layout_loops_ring, orc_0_dummy,
          ploomutoo_gammafunk_ghost_potion_laboratory, serial_bayou_pond_d,
          st_stairs_5, minmay_another_anthill
Temple:   eino_temple_scatter_basement

Notes
Turn   | Place    | Note
-------+----------+-------------------------------------------
     0 | D:1      | puppykicker the Barachi Ice Elementalist began the quest
                  | for the Orb.
     0 | D:1      | Reached XP level 1. HP: 13/13 MP: 3/3
    24 | D:1      | Identified a +0 club (You found it on level 1 of the
                  | Dungeon)
    30 | D:1      | Identified a +2 dagger of venom
   253 | D:1      | Reached skill level 5 in Ice Magic
   259 | D:1      | Reached XP level 2. HP: 16/20 MP: 3/5
   407 | D:1      | Identified a cursed +0 club
   415 | D:1      | Identified a +0 club
   569 | D:1      | Identified a +0 pair of gloves (You found it on level 1 of
                  | the Dungeon)
   638 | D:1      | Reached skill level 1 in Fighting
   719 | D:1      | Reached skill level 1 in Armour
   747 | D:1      | Identified a +0 short sword
   756 | D:1      | Reached XP level 3. HP: 22/26 MP: 6/6
  1074 | D:2      | Identified a ring of magical power (You found it on level 2
                  | of the Dungeon)
  1278 | D:2      | Identified a +0 club
  1278 | D:2      | Identified a +0 hunting sling
  1279 | D:2      | Identified a ring of dexterity (You found it on level 2 of
                  | the Dungeon)
  1285 | D:2      | Learned a level 3 spell: Frozen Ramparts
  1341 | D:2      | Identified a +0 flail
  1342 | D:2      | Identified a +0 club
  1346 | D:2      | Identified a +0 whip
  1359 | D:2      | Reached XP level 4. HP: 25/32 MP: 7/7
  1448 | D:2      | Identified a cursed +0 scythe
  1448 | D:2      | Identified a +0 robe
  1448 | D:2      | Noticed Sigmund
  1477 | D:2      | Identified a +0 leather armour (You found it on level 2 of
                  | the Dungeon)
  1508 | D:2      | Killed Sigmund
  1509 | D:2      | Reached skill level 3 in Fighting
  1509 | D:2      | Reached skill level 2 in Armour
  1509 | D:2      | Reached skill level 3 in Dodging
  1509 | D:2      | Reached skill level 3 in Spellcasting
  1509 | D:2      | Reached skill level 6 in Ice Magic
  1509 | D:2      | Reached XP level 5. HP: 19/41 MP: 9/9
  1509 | D:2      | Reached XP level 6. HP: 22/47 MP: 10/10
  1567 | D:2      | Identified a +0 flail
  1567 | D:2      | Identified a +0 chain mail
  1720 | D:2      | Identified 3 scrolls of remove curse
  1721 | D:2      | Identified 2 scrolls of teleportation
  1776 | D:2      | Identified a +0 cloak (You found it on level 2 of the
                  | Dungeon)
  1859 | D:2      | Found a white marble altar of Elyvilon.
  1954 | D:2      | Learned a level 4 spell: Summon Ice Beast
  1959 | D:3      | Identified a cursed -3 dagger
  1959 | D:3      | Identified a +0 hand axe
  1960 | D:3      | Identified a +0 dagger
  1960 | D:3      | Identified a +0 robe
  1963 | D:3      | Identified a +0 hand axe
  1963 | D:3      | Identified a +0 leather armour
  1997 | D:3      | Identified a +0 short sword
  1997 | D:3      | Identified a cursed -1 scale mail
  1997 | D:3      | Noticed Terence
  2086 | D:3      | Identified a +0 whip
  2086 | D:3      | Identified a +0 leather armour
  2087 | D:3      | Identified a +0 short sword
  2087 | D:3      | Identified a +0 ring mail
  2089 | D:3      | Identified a +0 leather armour
  2092 | D:3      | Identified a +0 flail
  2099 | D:3      | Identified a cursed -2 mace
  2099 | D:3      | Identified a +0 leather armour
  2099 | D:3      | Identified a +0 mace
  2111 | D:3      | Reached skill level 1 in Summonings
  2161 | D:3      | Found an opulent altar of Gozag.
  2202 | D:3      | Found an opulent altar of Gozag.
  2350 | D:3      | Reached skill level 3 in Armour
  2517 | D:3      | Identified a +3 leather armour (You found it on level 3 of
                  | the Dungeon)
  2571 | D:3      | Found a runed translucent gate.
  2571 | D:3      | Found a runed translucent gate.
  2576 | D:3      | Noticed runemasterragnar's ghost (amateur OpTm)
  2577 | D:3      | Found a runed translucent gate.
  2577 | D:3      | Noticed HendSelp's ghost (amateur MfGl)
  2780 | D:3      | Killed Terence
  2781 | D:3      | Reached skill level 7 in Ice Magic
  2889 | D:4      | Reached XP level 7. HP: 45/53 MP: 11/11
  2913 | D:4      | You fall into a shaft and drop 1 floor!
  2913 | D:5      | Entered Level 5 of the Dungeon
  2924 | D:5      | Identified a +0 flail
  2924 | D:5      | Identified a +0 ring mail
  2930 | D:5      | Reached skill level 2 in Summonings
  2939 | D:5      | Identified a +0 giant club
  2949 | D:5      | HP: 10/53 [ogre/+0 giant club (22)]
  2952 | D:5      | Reached skill level 4 in Fighting
  3340 | D:5      | Identified a cursed -2 quarterstaff (You found it on level
                  | 5 of the Dungeon)
  3344 | D:5      | Identified 4 scrolls of identify
  3344 | D:5      | Identified 2 potions of curing
  3345 | D:5      | Identified a potion of cancellation
  3346 | D:5      | Identified a potion of might
  3347 | D:5      | Identified a potion of flight
  3348 | D:5      | Identified 2 scrolls of immolation
  3357 | D:5      | Identified a +0 chain mail
  3363 | D:5      | Identified a +0 hand axe
  3369 | D:5      | Reached skill level 4 in Armour
  3536 | D:5      | Identified 2 scrolls of noise
  3602 | D:5      | Identified a +0 hand axe
  3621 | D:5      | Identified a potion of haste
  3622 | D:5      | Found Adaah's Antique Weapon Shop.
  3655 | D:5      | Identified a +0 helmet (You found it on level 5 of the
                  | Dungeon)
  3818 | D:5      | Reached skill level 3 in Summonings
  3818 | D:5      | Reached skill level 8 in Ice Magic
  3980 | D:5      | Identified a potion of berserk rage
  3991 | D:5      | Learned a level 4 spell: Hailstorm
  4058 | D:5      | Found a staircase to the Ecumenical Temple.
  4087 | D:5      | Identified a +1 shortbow of freezing
  4103 | D:5      | Reached skill level 1 in Conjurations
  4103 | D:5      | Reached XP level 8. HP: 20/60 MP: 12/12
  4409 | D:6      | Identified a +0 falchion
  4409 | D:6      | Identified a cursed -1 chain mail
  4419 | D:6      | Identified a cursed -2 hand axe
  4419 | D:6      | Identified a +0 chain mail
  4427 | D:6      | Identified a +0 falchion
  4429 | D:6      | Reached skill level 9 in Ice Magic
  4433 | D:6      | Reached skill level 2 in Conjurations
  4626 | D:6      | Identified a +0 whip
  4969 | D:6      | Identified a +0 dagger
  4969 | D:6      | Identified a +0 robe
  4969 | D:6      | Identified a +2 trident of venom
  4969 | D:6      | Identified a cursed -2 war axe
  4969 | D:6      | Identified a +0 leather armour
  4969 | D:6      | Identified a +0 trident
  4993 | D:6      | Reached skill level 3 in Conjurations
  5084 | D:6      | Found a snail-covered altar of Cheibriados.
  5089 | D:6      | Identified a +0 dagger
  5128 | D:6      | Reached skill level 10 in Ice Magic
  5451 | D:6      | Identified a +0 pair of boots (You found it on level 6 of
                  | the Dungeon)
  6088 | D:3      | Killed runemasterragnar's ghost
  6089 | D:3      | Killed HendSelp's ghost
  6090 | D:3      | Reached skill level 11 in Ice Magic
  6090 | D:3      | Reached XP level 9. HP: 59/65 MP: 13/13
  6235 | Temple   | Entered the Ecumenical Temple
  6427 | Temple   | Became a worshipper of the Wu Jian Council
  6611 | D:4      | Identified a +0 club
  6611 | D:4      | Identified a +0 leather armour
  6611 | D:4      | Noticed Ijyb
  6620 | D:4      | Killed Ijyb
  6724 | D:4      | Identified 3 scrolls of amnesia
  6762 | D:4      | Found a glowing silver altar of Zin.
  6874 | D:5      | Bought a runed lajatang for 396 gold pieces
  6874 | D:5      | Identified a +0 lajatang of electrocution (You bought it in
                  | a shop on level 5 of the Dungeon)
  6875 | D:5      | Identified a scroll of random uselessness
  6876 | D:5      | Identified a scroll of magic mapping
  6877 | D:5      | Identified a scroll of enchant armour
  6878 | D:5      | Identified a scroll of blinking
  6879 | D:5      | Identified a scroll of enchant weapon
  6950 | D:7      | Identified a +0 club
  6950 | D:7      | Identified a +0 leather armour
  6950 | D:7      | Identified a +0 flail
  6950 | D:7      | Identified a +0 spear
  6966 | D:7      | Reached skill level 1 in Staves
  7038 | D:7      | Identified a +0 quarterstaff
  7038 | D:7      | Identified a +0 hunting sling
  7038 | D:7      | Identified a +0 leather armour
  7038 | D:7      | Noticed Joseph
  7054 | D:7      | Killed Joseph
  7055 | D:7      | Reached skill level 3 in Staves
  7055 | D:7      | Reached skill level 12 in Ice Magic
  7067 | D:7      | Identified a ring of fire (You found it on level 7 of the
                  | Dungeon)
  7094 | D:7      | Identified the Disquisition on Freezing Shape Shifting
  7119 | D:7      | Identified a potion of lignification
  7241 | D:7      | Found Ziuheczau's Jewellery Shop.
  7359 | D:7      | Identified a +0 shortbow
  7365 | D:7      | Reached skill level 4 in Staves
  7420 | D:7      | Identified a +3 dagger
  7420 | D:7      | Identified a +0 robe
  7425 | D:7      | Reached * piety under Wu Jian
  7434 | D:7      | Identified a +2 mace
  7434 | D:7      | Identified a +0 robe
  7435 | D:7      | Identified a +2 spear
  7435 | D:7      | Identified a +0 robe
  7445 | D:7      | Reached skill level 5 in Staves
  7511 | D:7      | Identified a +3 falchion
  7511 | D:7      | Identified a +0 robe
  7514 | D:7      | Identified a +0 scimitar
  7514 | D:7      | Identified a +0 robe
  7647 | D:8      | Identified a +0 hand axe
  7647 | D:8      | Identified a +0 scale mail
  7647 | D:8      | Noticed Harold
  7647 | D:8      | Identified a cursed -3 dire flail
  7647 | D:8      | Identified a +0 chain mail
  7647 | D:8      | Identified a +0 scale mail
  7647 | D:8      | Identified a +2 dagger of electrocution
  7647 | D:8      | Identified a +0 robe
  7647 | D:8      | Identified a +0 trident
  7647 | D:8      | Identified a +0 leather armour
  7779 | D:8      | Got a pitted scale mail
  7787 | D:8      | Identified a +0 club
  7816 | D:8      | Reached skill level 6 in Staves
  7850 | D:8      | Identified an uncursed amulet of reflection (You found it
                  | on level 8 of the Dungeon)
  7872 | D:8      | Found a flagged portal.
  7883 | D:8      | Got an ancient spear
  7885 | D:8      | Identified the +4 spear of Defiance {vorpal, +Inv Str+4}
                  | (You found it on level 8 of the Dungeon)
  7891 | Bailey   | Entered a bailey
  7891 | Bailey   | Identified a +0 halberd
  7891 | Bailey   | Identified a +0 ring mail
  7891 | Bailey   | Identified a +0 trident
  7891 | Bailey   | Identified a +0 ring mail
  7891 | Bailey   | Identified a +0 spear
  7891 | Bailey   | Identified a +0 scale mail
  7891 | Bailey   | Identified a +0 halberd
  7891 | Bailey   | Identified a cursed +0 chain mail
  7891 | Bailey   | Identified a +0 halberd
  7891 | Bailey   | Identified a +0 ring mail
  7891 | Bailey   | Identified a +0 trident
  7891 | Bailey   | Identified a +0 scale mail
  7891 | Bailey   | Identified a +0 spear
  7891 | Bailey   | Identified a +0 chain mail
  7891 | Bailey   | Identified a +0 trident
  7891 | Bailey   | Identified a +0 scale mail
  7891 | Bailey   | Identified a +0 halberd
  7891 | Bailey   | Identified a +0 scale mail
  7891 | Bailey   | Identified a +0 spear
  7891 | Bailey   | Identified a cursed +0 chain mail
  7891 | Bailey   | Identified a +0 trident
  7891 | Bailey   | Identified a +0 chain mail
  7891 | Bailey   | Identified a +0 trident
  7891 | Bailey   | Identified a +0 scale mail
  7897 | Bailey   | Reached XP level 10. HP: 70/71 MP: 14/14
  8024 | Bailey   | Identified a cursed -3 trident
  8024 | Bailey   | Identified a cursed +0 scale mail
  8036 | Bailey   | Identified a +0 trident
  8036 | Bailey   | Identified a +0 chain mail
  8036 | Bailey   | Identified a +0 halberd
  8036 | Bailey   | Identified a +0 scale mail
  8047 | Bailey   | Identified a +0 trident
  8047 | Bailey   | Identified a +0 chain mail
  8048 | Bailey   | Identified a +0 trident
  8048 | Bailey   | Identified a +0 chain mail
  8048 | Bailey   | Identified a +0 glaive
  8048 | Bailey   | Identified a +0 chain mail
  8049 | Bailey   | Identified a +0 halberd
  8049 | Bailey   | Identified a +3 ring mail
  8060 | Bailey   | Reached skill level 7 in Staves
  8069 | Bailey   | Identified a +0 glaive
  8069 | Bailey   | Identified a +0 ring mail
  8077 | Bailey   | Reached ** piety under Wu Jian
  8186 | Bailey   | Identified a +0 halberd
  8186 | Bailey   | Identified a +0 chain mail
  8222 | Bailey   | Identified a +0 spear
  8222 | Bailey   | Identified a +0 ring mail
  8225 | Bailey   | Identified a +0 trident
  8225 | Bailey   | Identified a +0 chain mail
  8225 | Bailey   | Identified a +0 halberd
  8225 | Bailey   | Identified a +0 chain mail
  8225 | Bailey   | Identified a +0 trident
  8225 | Bailey   | Identified a +0 chain mail
  8226 | Bailey   | Identified a +0 glaive
  8226 | Bailey   | Identified a +0 scale mail
  8226 | Bailey   | Identified a +0 trident
  8226 | Bailey   | Identified a +0 chain mail
  8226 | Bailey   | Identified a +0 halberd
  8226 | Bailey   | Identified a +0 scale mail
  8227 | Bailey   | Identified a +0 halberd
  8227 | Bailey   | Identified a cursed +0 scale mail
  8253 | Bailey   | HP: 25/106 [orc warrior/+0 halberd (5)]
  8256 | Bailey   | Reached skill level 13 in Ice Magic
  8644 | Bailey   | Identified a +0 halberd
  8644 | Bailey   | Identified a +0 chain mail
  8662 | Bailey   | Identified a +0 spear
  8662 | Bailey   | Identified a +0 chain mail
  8664 | Bailey   | Identified a +0 glaive
  8664 | Bailey   | Identified a cursed +0 ring mail
  8667 | Bailey   | Identified a +0 spear
  8667 | Bailey   | Identified a +0 scale mail
  8673 | Bailey   | Identified a +0 spear
  8673 | Bailey   | Identified a +0 chain mail
  8679 | Bailey   | Identified a +0 spear
  8679 | Bailey   | Identified a +0 scale mail
  8681 | Bailey   | Identified a +0 spear
  8681 | Bailey   | Identified a +0 ring mail
  8687 | Bailey   | Reached skill level 8 in Staves
  8695 | Bailey   | Identified a +0 spear
  8695 | Bailey   | Identified a +0 scale mail
  8701 | Bailey   | HP: 17/71 [centaur/javelin (3)]
  8989 | Bailey   | Identified a cursed +0 glaive
  8989 | Bailey   | Identified a +0 ring mail
  8997 | Bailey   | Identified a +0 spear
  8997 | Bailey   | Identified a +0 scale mail
  9304 | Bailey   | Identified the +3 scale mail of Ethics {rF- Regen+ MP-9
                  | Str+7} (You found it on level 8 of the Dungeon)
  9314 | Bailey   | Identified a +2 ring mail of positive energy (You found it
                  | in a bailey)
  9406 | D:8      | Identified a +0 whip
  9407 | D:8      | Identified a +1 long sword of holy wrath
  9407 | D:8      | Identified a +0 chain mail
  9626 | D:8      | Identified a +0 hand axe
  9627 | D:8      | Identified a +0 dagger
  9627 | D:8      | Identified a +0 robe
  9627 | D:8      | Identified a +0 dagger
  9627 | D:8      | Identified a +0 robe
  9627 | D:8      | Identified a +0 club
  9627 | D:8      | Identified a +0 scale mail
  9632 | D:8      | Identified a +0 shortbow
  9640 | D:8      | Identified a +0 flail
  9641 | D:8      | Killed Harold
  9642 | D:8      | Reached skill level 9 in Staves
  9646 | D:8      | Identified a +0 dagger
  9646 | D:8      | Identified a +0 robe
  9658 | D:8      | HP: 14/71 [orc warrior/cursed -3 dire flail (6)]
  9679 | D:8      | Reached *** piety under Wu Jian
  9944 | D:8      | Identified a potion of brilliance
 10318 | D:8      | Identified a +0 giant club
 10416 | D:9      | Found Hagoal's Magic Scroll Boutique.
 10425 | D:9      | Bought a scroll of identify for 26 gold pieces
 10425 | D:9      | Bought a scroll of identify for 26 gold pieces
 10425 | D:9      | Bought a scroll of identify for 26 gold pieces
 10425 | D:9      | Bought a scroll of teleportation for 39 gold pieces
 10425 | D:9      | Bought a scroll of teleportation for 39 gold pieces
 10425 | D:9      | Bought a scroll of identify for 26 gold pieces
 10425 | D:9      | Identified a potion of heal wounds
 10426 | D:9      | Identified a potion of attraction
 10427 | D:9      | Identified a potion of degeneration
 10431 | D:9      | Found Muitotof's Jewellery Boutique.
 10511 | D:9      | Found Gecremp's Distillery.
 10521 | D:9      | Bought a potion of curing for 45 gold pieces
 10521 | D:9      | Bought a potion of curing for 45 gold pieces
 10524 | D:9      | Identified a +0 giant spiked club
 10524 | D:9      | Identified a +0 giant club
 10524 | D:9      | Noticed a two-headed ogre
 10532 | D:9      | Killed a two-headed ogre
 10533 | D:9      | Reached skill level 10 in Staves
 10533 | D:9      | Reached XP level 11. HP: 56/77 MP: 8/15
 10810 | D:9      | Identified a cursed +3 long sword
 10810 | D:9      | Identified a +0 robe
 10810 | D:9      | Identified a +0 battleaxe
 10810 | D:9      | Identified a +0 robe
 10814 | D:9      | Learned a level 2 spell: Wereblood
 10849 | D:9      | Identified a cursed +0 dagger of electrocution
 10849 | D:9      | Identified a +0 robe
 10901 | D:9      | Found an ancient bone altar of Kikubaaqudgha.
 10937 | D:9      | Found a sparkling altar of Nemelex Xobeh.
 10950 | D:9      | Identified a +0 battleaxe
 10950 | D:9      | Identified a +0 plate armour
 10950 | D:9      | Identified a +0 dagger
 10950 | D:9      | Identified a +0 robe
 10951 | D:9      | Identified a +0 war axe
 10951 | D:9      | Identified a +0 war axe
 10951 | D:9      | Identified a +0 leather armour
 10952 | D:9      | Identified a +0 dagger
 10952 | D:9      | Identified a +0 leather armour
 10953 | D:9      | Reached skill level 14 in Ice Magic
 10953 | D:9      | Found a broken altar of Ashenzari.
 10974 | D:9      | Found a shimmering altar of Xom.
 11041 | D:9      | Identified a +3 scimitar of flaming
 11041 | D:9      | Identified a cursed +0 robe
 11041 | D:9      | Noticed Erica
 11058 | D:9      | Killed Erica
 11059 | D:9      | Reached skill level 11 in Staves
 11059 | D:9      | Identified a +0 broad axe
 11059 | D:9      | Identified +0 steam dragon scales
 11059 | D:9      | Noticed Maggie
 11065 | D:9      | Killed Maggie
 11203 | D:9      | Identified a +0 giant club
 11438 | D:10     | Entered Level 10 of the Dungeon
 11515 | D:10     | Noticed a queen ant
 11541 | D:10     | Killed a queen ant
 11542 | D:10     | Reached skill level 12 in Staves
 11561 | D:10     | Reached **** piety under Wu Jian
 11582 | D:10     | Identified a +0 giant spiked club
 11582 | D:10     | Identified a +0 giant club
 11582 | D:10     | Noticed a two-headed ogre
 11597 | D:10     | Killed a two-headed ogre
 11699 | D:10     | Identified a +0 giant club
 11699 | D:10     | Identified a +0 giant spiked club
 11699 | D:10     | Noticed a two-headed ogre
 11704 | D:10     | Killed a two-headed ogre
 11705 | D:10     | Reached skill level 13 in Staves
 11727 | D:10     | Identified a +0 club
 11727 | D:10     | Identified a +0 war axe
 11727 | D:10     | Identified a +0 falchion
 11728 | D:10     | Identified a +0 club
 11728 | D:10     | Identified a +0 ring mail
 11733 | D:10     | Identified a +0 club
 11733 | D:10     | Identified a +0 ring mail
 11787 | D:10     | Identified a +0 flail
 11787 | D:10     | Identified a +0 ring mail
 11788 | D:10     | Identified a cursed -1 halberd
 11788 | D:10     | Identified a +0 plate armour
 11805 | D:10     | Identified a +2 dagger of venom
 11805 | D:10     | Identified a cursed +0 robe
 12190 | D:10     | Identified a +4 battleaxe
 12190 | D:10     | Identified a +0 robe
 12193 | D:10     | Identified a +4 dagger
 12193 | D:10     | Identified a +0 robe
 12194 | D:10     | Identified a cursed +1 trident
 12194 | D:10     | Identified a +0 robe
 12194 | D:10     | Identified a +2 war axe
 12194 | D:10     | Identified a +0 robe
 12199 | D:10     | Identified a cursed +0 mace
 12199 | D:10     | Identified a +0 robe
 12238 | D:10     | Identified a +0 hand axe
 12238 | D:10     | Identified a +0 chain mail
 12240 | D:10     | Identified a cursed -1 club
 12241 | D:10     | Identified a cursed -1 mace
 12241 | D:10     | Identified a +0 scale mail
 12241 | D:10     | Identified a +0 dagger
 12241 | D:10     | Identified a cursed -1 robe
 12248 | D:10     | Found a runed translucent gate.
 12249 | D:10     | Found a runed translucent gate.
 12249 | D:10     | Noticed a cyan ugly thing
 12249 | D:10     | Noticed a purple ugly thing
 12249 | D:10     | Noticed a glowing orange brain
 12273 | D:10     | Noticed a cyan ugly thing
 12273 | D:10     | Noticed a green very ugly thing
 12274 | D:10     | Noticed a cyan ugly thing
 12275 | D:10     | Found a runed translucent gate.
 12300 | D:10     | Found a staircase to the Orcish Mines.
 12537 | D:9      | Killed a cyan ugly thing
 12541 | D:9      | Killed a glowing orange brain
 12542 | D:9      | Reached skill level 14 in Staves
 12542 | D:9      | Reached XP level 12. HP: 71/83 MP: 16/16
 12551 | D:9      | Identified a +0 shortbow
 12628 | D:9      | HP: 20/83 [red ugly thing (11)]
 12628 | D:9      | Slain by a red ugly thing

Table legend: (Time is in decaauts)
 A = Elapsed time spent in this place.
 B = Non-inter-level travel time spent in this place.
 C = Inter-level travel time spent in this place.
 D = Time resting spent in this place.
 E = Time spent auto-exploring this place.
 F = Levels seen in this place.
 G = Mean time per level.
                   A        B        C        D        E       F      G
               +--------+--------+--------+--------+--------+-----+--------+
         Total |  14105 |  13102 |   1003 |   3734 |   6526 |  12 | 1175.4 |
       Dungeon |  12269 |  11318 |    951 |   2860 |   6103 |  10 | 1226.9 |
        Temple |    253 |    202 |     51 |      0 |    200 |   1 |  253.0 |
        Bailey |   1582 |   1582 |      0 |    874 |    223 |   1 | 1582.0 |
               +--------+--------+--------+--------+--------+-----+--------+

Top non-repeatable levels by time:
     D:6: 1932 daAuts
     D:5: 1838 daAuts
  Bailey: 1582 daAuts
     D:9: 1428 daAuts
     D:8: 1406 daAuts
     D:2: 1310 daAuts
     D:1: 1214 daAuts
    D:10: 998 daAuts
     D:7: 881 daAuts
     D:3: 781 daAuts
     D:4: 477 daAuts
  Temple: 253 daAuts

Table legend:
 A = Kills in this place as a percentage of kills in entire the game.
 B = Kills by you in this place as a percentage of kills by you in the entire game.
 C = Kills by friends in this place as a percentage of kills by friends in the entire game.
 D = Other kills in this place as a percentage of other kills in the entire game.
 E = Experience gained in this place as a percentage of experience gained in the entire game.
 F = Experience gained in this place divided by the number of levels of this place that you have seen.
                   A       B       C       D       E      F
               +-------+-------+-------+-------+-------+----------------------
         Total | 100.0 | 100.0 | 100.0 |   N/A | 100.0 | 1576.2
       Dungeon |  87.8 |  87.9 |  85.7 |   N/A |  88.7 | 1677.8
        Bailey |  12.2 |  12.1 |  14.3 |   N/A |  11.3 | 2137.0
               +-------+-------+-------+-------+-------+----------------------

Skill      XL: |  1  2  3  4  5  6  7  8  9 10 11 |
---------------+----------------------------------+-----
Ice Magic      | 5 6 7 8 11 12 13 14 | 14.0
Fighting       | 1 3 4 |  4.1
Armour         | 1 2 3 4 |  4.1
Dodging        | 3 |  3.0
Spellcasting   | 3 |  3.0
Summonings     | 1 3 |  3.0
Conjurations   | 1 3 |  3.0
Staves         | 6 10 14 | 14.0
Stealth        | |  1.7
Transmutations | |  0.1

Action                   |  1- 3 |  4- 6 |  7- 9 | 10-12 || total
-------------------------+-------+-------+-------+-------++-------
Melee: Dagger            |    60 |    71 |   170 |       ||   301
       Trident           |       |       |    44 |       ||    44
       Lajatang          |       |       |   100 |   343 ||   443
 Fire: Hunting sling     |       |     2 |    19 |       ||    21
       Shortbow          |       |       |    10 |     6 ||    16
Throw: Stone             |     3 |     1 |       |       ||     4
       Javelin           |       |     6 |     4 |     5 ||    15
 Cast: Freeze            |     7 |    16 |     7 |       ||    30
       Frozen Ramparts   |     2 |     7 |    19 |    12 ||    40
       Summon Ice Beast  |       |       |       |    22 ||    22
       Hailstorm         |       |       |       |     8 ||     8
Invok: Lunge             |       |       |     8 |    39 ||    47
       Whirlwind         |       |       |     1 |    27 ||    28
 Abil: Hop               |       |       |     1 |     5 ||     6
       Wall Jump         |       |       |       |     1 ||     1
Evoke: Wand              |       |       |     3 |     5 ||     8
  Use: Scroll            |       |     2 |    16 |    11 ||    29
       Potion            |       |       |     1 |     3 ||     4
 Stab: Sleeping          |     4 |     3 |     6 |     2 ||    15
       Distracted        |       |       |       |     2 ||     2
Armor: Robe              |     8 |       |       |       ||     8
       Leather armour    |       |    22 |   126 |    47 ||   195
       Skin              |       |       |       |     2 ||     2
       Steam dragon scal |       |       |       |    29 ||    29
Dodge: Dodged            |    33 |    57 |   223 |   181 ||   494
Block: Other             |       |       |       |    48 ||    48
       Reflection        |       |       |       |     2 ||     2

Vanquished Creatures
  Harold (D:8)
  Erica (D:9)
  A queen ant (D:10)
  3 two-headed ogres
  A glowing orange brain (D:9)
  An ugly thing (D:9)
  Joseph (D:7)
  Maggie (D:9)
  The ghost of HendSelp the Poker, an amateur MfGl (D:3)
  The ghost of runemasterragnar the Changer, an amateur OpTm of Dithmenos (D:3)
  Sigmund (D:2)
  A wraith (D:10)
  A wyvern (D:10)
  2 water moccasins
  6 soldier ants (D:10)
  2 black bears
  15 orc warriors
  2 ogres
  3 sky beasts (D:10)
  3 phantoms
  11 centaurs
  4 bullfrogs
  3 scorpions
  8 killer bees
  A water moccasin skeleton (D:9)
  13 wights
  2 howler monkeys
  A bullfrog zombie (D:7)
  7 hounds
  4 jellies
  2 bullfrog skeletons
  4 orc priests
  2 centaur skeletons
  A gnoll shaman (D:7)
  4 iguanas
  Ijyb (D:4)
  8 orc wizards
  19 worker ants
  Terence (D:3)
  2 hound zombies
  2 worker ant zombies (D:6)
  7 gnolls
  10 adders
  2 shadow imps (D:5)
  2 white imps (D:9)
  2 ufetubi (D:7)
  An ooze (D:3)
  2 adder zombies (D:8)
  3 worms
  3 dart slugs
  5 leopard geckos
  59 orcs
  7 bats
  9 giant cockroaches
  7 goblins
  11 hobgoblins
  12 jackals
  5 kobolds
  6 quokkas
  5 frilled lizards
  A giant cockroach zombie (D:6)
  2 leopard gecko skeletons
  A quokka skeleton (D:9)
  3 rats
313 creatures vanquished.

Vanquished Creatures (collateral kills)
  A troll (D:10)
  An ogre (D:8)
  A centaur (Bailey)
  An orc wizard (D:8)
  An orc (D:8)
  2 quokka zombies (D:8)
7 creatures vanquished.

Vanquished Creatures (others)
  5 withered plants (D:3)
5 creatures vanquished.

Grand Total: 325 creatures vanquished
